 Dungeon Crawl Stone Soup version 0.30.1-11-g7821555f0a (webtiles) character file.

Game seed: 12891940705045972394

96 Destapler the Cudgeller (level 4, -1/67 HPs)
             Began as a Troll Berserker on Nov 12, 2023.
             Was a Believer of Trog.
             Slain by Ijyb
             ... wielding a +0 dagger
              (6 damage)
             ... on level 3 of the Dungeon.
             The game lasted 00:05:31 (1571 turns).

Destapler the Cudgeller (Troll Berserker)           Turns: 1571, Time: 00:05:33

Health: -1/67      AC:  4    Str: 27    XL:     4   Next: 41%
Magic:  3/3        EV:  7    Int:  3    God:    Trog [**....]
Gold:   45         SH:  0    Dex:  9    Spells: 3/3 levels left

rFire   . . .        a - +0 mace
rCold   . . .        (no shield)
rNeg    . . .        b - +0 animal skin
rPois   .            (helmet restricted)
rElec   .            (no cloak)
rCorr   .            (gloves unavailable)
SInv    .            (boots unavailable)
Will    .....        (no amulet) Stlth
                     (no ring)
HPRegen 1.11/turn    (no ring)
MPRegen 0.08/turn

%: no passive effects
@: berserking, grasped by roots, constricted, very quick
A: large, unfitting armour, claws 3, regeneration 1, shaggy fur 1, tough skin 1
a: Renounce Religion, Berserk, Trog's Hand


You were on level 3 of the Dungeon.
You worshipped Trog.
Trog was pleased with you.
You visited 1 branch of the dungeon, and saw 3 of its levels.

You collected 45 gold pieces.

Inventory:

Hand Weapons
 a - a +0 mace (weapon)
Armour
 b - a +0 animal skin (worn)
Scrolls
 c - a scroll of teleportation {unknown}
 d - a scroll of magic mapping {unknown}
 e - 3 scrolls of identify {unknown}
 h - a scroll of noise {unknown}
 i - 2 scrolls of immolation {unknown}
 j - 2 scrolls of amnesia {unknown}
 l - a scroll of enchant weapon {unknown}
 n - 2 scrolls of fog {unknown}
 p - a scroll of brand weapon {unknown}
Potions
 f - 2 potions of curing {unknown}
 g - a potion of cancellation {unknown}
 k - a potion of mutation {unknown}
 m - a potion of attraction {unknown}
 o - a potion of might {unknown}


   Skills:
 + Level 3.1 Fighting
 + Level 3.5 Maces & Flails
 + Level 3.2 Dodging


You had 3 spell levels left.
You didn't know any spells.
Your spell library contained the following spells:

 Spells                   Type           Power      Damage    Failure   Level
 Dazzling Flash           Conj/Hex       0%         N/A       88%         3
 Volatile Blastmotes      Fire/Tloc      0%         2d10      88%         3
 Iskenderun's Mystic Bla  Conj/Tloc      0%         2d3       99%         4
 Starburst                Conj/Fire      0%         6d3       100%        6


Dungeon Overview and Level Annotations

Branches:
Dungeon (3/15)

Altars:

Annotations:
D:3 Ijyb


Innate Abilities, Weirdness & Mutations

You are too large for most types of armour.
You have claws for hands.
Your natural rate of healing is unusually fast.
You are covered in fur. (AC +1)
You have tough skin. (AC +1)


Message History

* * * LOW HITPOINT WARNING * * *
You closely miss Ijyb.
Ijyb is lightly wounded.
The endoplasm barely misses you. The goblin hits you with a +0 club.
* * * LOW HITPOINT WARNING * * *
The rat bites you.
* * * LOW HITPOINT WARNING * * *
Ijyb hits you with a +0 dagger.
* * * LOW HITPOINT WARNING * * *
The grasping roots constrict you.
* * * LOW HITPOINT WARNING * * *
The grasping roots release their grip on you.
A red film seems to cover your vision as you go berserk!
You feel yourself moving faster!
You feel mighty!
The endoplasm hits you but does no damage.
Ijyb hits you with a +0 dagger.
* * * LOW HITPOINT WARNING * * *
The goblin barely misses you. The rat misses you.
An adder comes into view.
Unknown command.
The adder hisses angrily.
You thump Ijyb!
Ijyb is heavily wounded.
The endoplasm closely misses you. The goblin closely misses you.
The rat barely misses you.
Ijyb zaps a wand.
The roots erupt in riotous growth!
The grasping roots grab you!
Ijyb is unaffected.
The rat is unaffected.
The endoplasm is unaffected.
The goblin is unaffected.
The grasping roots constrict you.
* * * LOW HITPOINT WARNING * * *
You hear a shout!
You hear an angry hiss.
You closely miss Ijyb.
Ijyb is heavily wounded.
Unknown command.
You barely miss Ijyb.
Ijyb is heavily wounded.
The endoplasm hits you but does no damage.
The rat bites you.
* * * LOW HITPOINT WARNING * * *
Ijyb hits you with a +0 dagger.
You die...

####. .# ..... .#
......###.# .#
..S...#... .# .
......#..###.#..#
#........#......#
#.....gJg#..#
#.#.
....#.@r...#.....
#....$.#..#..#
....#..........#
... #.......##.#
. #....##.#
#........##
#.........###
#...........##
#.........#..#


You could see Ijyb, an adder, an endoplasm, a goblin and a rat.

Vanquished Creatures
  An orc priest (D:3)
  An adder (D:2)
  2 dart slugs (D:1)
  4 orcs (D:3)
  4 ball pythons
  4 bats
  5 endoplasms
  2 giant cockroaches (D:2)
  8 goblins
  3 hobgoblins
  3 kobolds
  6 frilled lizards
  5 rats
48 creatures vanquished.

Notes
Turn   | Place    | Note
-------+----------+-------------------------------------------
     0 | D:1      | Destapler the Troll Berserker began the quest for the Orb.
     0 | D:1      | Reached XP level 1. HP: 22/22 MP: 0/0
   190 | D:1      | Reached XP level 2. HP: 29/29 MP: 1/1
   778 | D:1      | Reached XP level 3. HP: 36/36 MP: 2/2
  1005 | D:2      | Reached ** piety under Trog
  1500 | D:3      | Reached XP level 4. HP: 45/45 MP: 3/3
  1556 | D:3      | Noticed Ijyb
  1571 | D:3      | Slain by Ijyb

Illustrated notes

Levels and vault maps discovered:
D:1:      dpeg_arrival_rhombi, layout_loops_corners, minmay_pentomino_p4
D:2:      layout_loops_ring
D:3:      layout_rooms, minivault_19, hangedman_decor_points,
          minmay_close_crescents, uniq_ijyb

Skill      XL: |  1  2  3 |
---------------+----------+-----
Maces & Flails | 3 |  3.5
Fighting       | 3 |  3.1
Dodging        | 3 |  3.2

Action                     |  1- 3 |  4- 6 || total
---------------------------+-------+-------++-------
  Melee: Mace              |   128 |    17 ||   145
 Invoke: Berserk           |     2 |     1 ||     3
         Trog's Hand       |     1 |       ||     1
   Stab: Sleeping          |     2 |       ||     2
 Armour: Animal skin       |    56 |     8 ||    64
  Dodge: Dodged            |    75 |    15 ||    90
